 Dungeon Sprint DCSS version 0.20-a0-629-gc37eb77 (webtiles) character file.

178 Kidiri the Thaumaturge (level 5, -3/32 HPs)
             Began as a Deep Elf Fire Elementalist on Feb 10, 2017.
             Was an Initiate of Vehumet.
             Slain by a jumping spider (10 damage)
             ... summoned by a deep elf mage
             ... in the Dungeon (Sprint III: "The Ten Rune Challenge").
             The game lasted 00:05:29 (810 turns).

Kidiri the Thaumaturge (Deep Elf Fire Elementalist)  Turns: 810, Time: 00:05:30

Health: -3/32      AC:  2    Str:  5    XL:     5   Next: 32%
Magic:  11/17      EV: 15    Int: 23    God:    Vehumet [......]
Gold:   36         SH:  0    Dex: 15    Spells: 2/20 levels left

rFire    . . .     SeeInvis .   l - +0 dagger
rCold    . . .     Gourm    .   a - +0 robe
rNeg     . . .     Faith    .   (no shield)
rPois    .         Spirit   .   (no helmet)
rElec    .         Reflect  .   (no cloak)
rCorr    .         Harm     .   (no gloves)
MR       .....     NoTele   +   (no boots)
Stlth    ++........             (no amulet)
Regen    0.1/turn               (no ring)
                                (no ring)

@: drained
A: talons 1, clever 1, MP-powered wands
a: Renounce Religion


You were in the Dungeon.
You worshipped Vehumet.
Vehumet was noncommittal.
You were not hungry.

You visited 1 branch You collected 36 gold pieces.

Inventory:

Hand Weapons
 l - a +0 dagger (weapon)
Armour
 a - a +0 robe (worn)
Scrolls
 i - a scroll of blinking
 j - a scroll of holy word
 k - 3 scrolls of remove curse
 n - a scroll of torment
Potions
 f - a potion of haste
 g - a potion of magic
 h - a potion of berserk rage
 m - 3 potions of flight
Comestibles
 c - 2 bread rations
 o - a royal jelly


   Skills:
 + Level 3.1(2.6) Fighting
 + Level 0.0 Short Blades
 + Level 3.1(2.6) Armour
 + Level 5.3(4.7) Dodging
 - Level 2.4(1.8) Stealth
 * Level 8.2(7.6) Spellcasting
 + Level 4.3(3.7) Conjurations
 + Level 5.6(5.0) Fire Magic


You had 2 spell levels left.
You knew the following spells:

 Your Spells              Type           Power        Failure   Level  Hunger
a - Flame Tongue          Conj/Fire      ####.        1%          1    None
b - Throw Flame           Conj/Fire      ####..       1%          2    None
c - Conjure Flame         Conj/Fire      ####....     4%          3    None
d - Inner Flame           Hex/Fire       ###.....     10%         3    None
e - Sticky Flame          Conj/Fire      ####....     14%         4    ###....
f - Fireball              Conj/Fire      ####......   38%         5    #####..


Dungeon Overview and Level Annotations

Branches:
Dungeon (1/1)

Altars:
Elyvilon
Kikubaaqudgha
Sif Muna
Vehumet
Zin
The Shining One


Innate Abilities, Weirdness & Mutations

You have sharp toenails.
Your mind is acute. (Int +2)
You expend magic power (3 MP) to strengthen your wands.


Message History

The deep elf mage burns!
The deep elf mage gestures at you while chanting.
The bolt of negative energy hits you!
You feel drained.
Ouch! That really hurt!
* * * LOW HITPOINT WARNING * * *
You feel better.
The deep elf mage burns!
The deep elf mage casts a spell.
Unknown command.
Casting: Flame Tongue
Confirm with . or Enter, or press ? or * to list all spells.
Aiming: Flame Tongue
Press: ? - help, Shift-Dir - straight line, f/p - deep elf mage
Aim: a deep elf mage, wielding a long sword of holy wrath (heavily wounded, covered in liquid flames)
The flame tongue hits the deep elf mage.
The deep elf mage is severely wounded.
The deep elf mage burns!
The deep elf mage hits you with a long sword of holy wrath.
* * * LOW HITPOINT WARNING * * *
The jumping spider barely misses you. x2; The jumping spider pounces on you!
You die...

▓▓▓▓▓▓▓ ▓▓▓ ..+...♣♣♣♣
♣.##### ..#....♣.♣
♣♣.#s_s# ###....♣.♣
♣..#e@r#
..#....≈♣♣♣♣..###'#+###+#
..#.%.≈≈♣..♣♣.#..........
..#..≈≈≈≈♣♣...'.⌠........
#'#..≈≈≈≈≈≈.♣.#...######+
..#.≈≈≈≈≈≈....#.⌠.#
..#.≈≈≈≈≈.....#...#
..#.≈≈≈.......#+###
###...........#.):#


You could see a deep elf mage (burning), 2 jumping spiders and a hell rat.

Vanquished Creatures
  A water elemental (D)
  A scorpion (D)
  A wizard (D)
  A human (D)
  A kobold demonologist (D)
  An ooze (D)
  3 rats (D)
9 creatures vanquished.

Vanquished Creatures (others)
  2 draconian scorchers (D)
  6 hellions (D)
  A yaktaur (D)
  2 plants (D)
11 creatures vanquished.

Grand Total: 20 creatures vanquished

Notes
Turn   | Place    | Note
-------+----------+-------------------------------------------
     0 | D        | Kidiri the Deep Elf Fire Elementalist began the quest for the Orb.
     0 | D        | Reached XP level 1. HP: 10/10 MP: 6/6
    87 | D        | Killed a hellion
    88 | D        | Killed a hellion
    88 | D        | Killed a hellion
    88 | D        | Killed a hellion
    88 | D        | Killed a hellion
   111 | D        | Killed a yaktaur
   123 | D        | Killed a hellion
   133 | D        | Reached skill level 4 in Spellcasting
   135 | D        | Reached skill level 1 in Fighting
   180 | D        | Reached skill level 1 in Armour
   180 | D        | Reached skill level 5 in Spellcasting
   180 | D        | Reached XP level 2. HP: 7/16 MP: 5/10
   187 | D        | Learned a level 2 spell: Throw Flame
   199 | D        | Killed a white draconian scorcher
   199 | D        | Killed a white draconian scorcher
   355 | D        | Noticed a scorpion
   368 | D        | Killed a scorpion
   368 | D        | Reached skill level 6 in Spellcasting
   368 | D        | Reached XP level 3. HP: 21/21 MP: 1/12
   368 | D        | Reached XP level 4. HP: 26/26 MP: 1/14
   373 | D        | Learned a level 3 spell: Conjure Flame
   377 | D        | Learned a level 3 spell: Inner Flame
   382 | D        | Learned a level 4 spell: Sticky Flame
   508 | D        | Gained mutation: You tend to lose your temper in combat. [potion of mutation]
   508 | D        | Gained mutation: You regenerate slowly when monsters are visible. [potion of mutation]
   508 | D        | Lost mutation: You regenerate slowly when monsters are visible. [potion of mutation]
   509 | D        | Lost mutation: You tend to lose your temper in combat. [potion of mutation]
   509 | D        | Gained mutation: You are frail. (-10% HP) [potion of mutation]
   509 | D        | Gained mutation: Scrolls take you a little longer to read. [potion of mutation]
   509 | D        | Gained mutation: Your mind is acute. (Int +2) [potion of mutation]
   509 | D        | Gained mutation: You are agile. (Dex +2) [potion of mutation]
   510 | D        | Lost mutation: You are frail. (-10% HP) [potion of mutation]
   510 | D        | Lost mutation: Your mind is acute. (Int +2) [potion of mutation]
   510 | D        | Lost mutation: Scrolls take you a little longer to read. [potion of mutation]
   510 | D        | Lost mutation: You are agile. (Dex +2) [potion of mutation]
   510 | D        | Gained mutation: You have a pair of small antennae on your head. [potion of mutation]
   510 | D        | Gained mutation: You are agile. (Dex +2) [potion of mutation]
   510 | D        | Gained mutation: Your magical capacity is low. (-10% MP) [potion of mutation]
   510 | D        | Gained mutation: You have large cloven feet. [potion of mutation]
   511 | D        | Lost mutation: You are agile. (Dex +2) [potion of mutation]
   511 | D        | Lost mutation: You have large cloven feet. [potion of mutation]
   511 | D        | Lost mutation: You have a pair of small antennae on your head. [potion of mutation]
   511 | D        | Lost mutation: Your magical capacity is low. (-10% MP) [potion of mutation]
   511 | D        | Gained mutation: You expend magic power (3 MP) to strengthen your wands. [potion of mutation]
   511 | D        | Gained mutation: Your mind is acute. (Int +2) [potion of mutation]
   511 | D        | Gained mutation: You have sharp toenails. [potion of mutation]
   542 | D        | Noticed a water elemental
   545 | D        | Killed a water elemental
   545 | D        | Reached skill level 5 in Dodging
   545 | D        | Reached skill level 7 in Spellcasting
   545 | D        | Reached skill level 5 in Fire Magic
   742 | D        | Found a radiant altar of Vehumet.
   743 | D        | Found a deep blue altar of Sif Muna.
   743 | D        | Found an ancient bone altar of Kikubaaqudgha.
   743 | D        | Noticed a wizard
   745 | D        | Noticed a red devil
   745 | D        | Killed a wizard
   745 | D        | Reached XP level 5. HP: 32/32 MP: 12/17
   748 | D        | Reached skill level 8 in Spellcasting
   761 | D        | Learned a level 5 spell: Fireball
   766 | D        | Became a worshipper of Vehumet
   804 | D        | Found a glowing silver altar of Zin.
   805 | D        | Found a glowing golden altar of the Shining One.
   805 | D        | Found a white marble altar of Elyvilon.
   805 | D        | Noticed a deep elf mage
   810 | D        | Noticed a jumping spider
   810 | D        | Noticed a jumping spider
   810 | D        | Slain by a jumping spider

Vault maps used:
D:        dungeon_sprint_mu

Skill      XL: |  1  2  3  4  5 |
---------------+----------------+-----
Spellcasting   | 5 6 7 8 |  8.2
Fighting       | 1 2 3 |  3.1
Armour         | 1 2 3 |  3.1
Dodging        | 3 4 5 |  5.3
Conjurations   | 2 3 4 |  4.3
Fire Magic     | 4 5 |  5.6
Stealth        | |  2.4

Action                   |  1- 3 |  4- 6 || total
-------------------------+-------+-------++-------
Melee: Unarmed           |       |     2 ||     2
       Kick              |       |     1 ||     1
 Cast: Flame Tongue      |    19 |     3 ||    22
       Throw Flame       |     4 |     1 ||     5
       Sticky Flame      |       |     3 ||     3
       Conjure Flame     |       |     1 ||     1
  Use: Potion            |     2 |     5 ||     7
       Scroll            |       |     3 ||     3
Armor: Robe              |     2 |     1 ||     3
Dodge: Dodged            |     4 |     6 ||    10
